 Dungeon Crawl Stone Soup version 0.29.1-13-g9f3cf754e1 (webtiles) character file.

Game seed: 8911533781854425961

8827 hawla the Thaumaturge (level 11, 0/82 HPs)
             Began as a Meteoran Ice Elementalist on Jan 29, 2023.
             Was a Believer of Vehumet.
             Succumbed to a redback's poison
             ... on level 2 of the Lair of Beasts.
             The game lasted 00:25:51 (3981 turns).

hawla the Thaumaturge (Meteoran Ice Elementalist)   Turns: 3981, Time: 00:25:52

Health: 0/82       AC:  8    Str:  9    XL:     11   Next: 94%
Magic:  27/28      EV: 14    Int: 28    God:    Vehumet [**....]
Gold:   376        SH:  0    Dex: 15    Spells: 27/35 levels left

rFire   . . .      SeeInvis .   h - +3 long sword (chaos)
rCold   . . .      Faith    .   (no shield)
rNeg    + . .      Spirit   .   l - +2 robe {rN+}
rPois   .          Reflect  .   (no helmet)
rElec   .          Harm     .   (no cloak)
rCorr   .          Rampage  .   d - +2 pair of gloves
Will    +....                   n - +0 pair of boots
Stlth   +.........              (no amulet)
HPRegen 0.23/turn               m - +6 ring of intelligence
MPRegen 0.21/turn               (no ring)

@: lethally poisoned (0 -> -14), on berserk cooldown, slowed, glowing, very slow
A: sense surroundings 2, otherworldly, glowing, explore regen
a: Renounce Religion


You were on level 2 of the Lair of Beasts.
You worshipped Vehumet.
Vehumet was pleased with you.
You visited 3 branches of the dungeon, and saw 13 of its levels.

You collected 376 gold pieces.

Inventory:

Hand Weapons
 h - a +3 long sword of chaos (weapon)
Armour
 d - a +2 pair of gloves (worn)
 l - a +2 robe of positive energy (worn)
 n - a +0 pair of boots (worn)
Magical Staves
 v - a staff of cold
Jewellery
 m - a +6 ring of intelligence (left hand)
Wands
 f - a wand of paralysis (5) (quivered)
 p - a wand of acid (8)
 t - a wand of polymorph (6)
Scrolls
 c - a scroll of brand weapon
 g - 3 scrolls of teleportation
 i - a scroll of torment {unknown}
 q - 2 scrolls of enchant armour
Potions
 b - a potion of magic
 e - 4 potions of brilliance
 k - 4 potions of curing
 o - 2 potions of haste {unknown}
 u - a potion of attraction


   Skills:
 + Level 3.4 Fighting
 + Level 5.0 Long Blades
 + Level 6.0 Dodging
 - Level 1.4 Stealth
 + Level 12.8 Spellcasting
 + Level 7.5 Conjurations
 + Level 11.7 Ice Magic
 + Level 0.4 Evocations


You had 27 spell levels left.
You knew the following spells:

 Your Spells              Type           Power      Damage    Failure   Level
a - Freeze                Ice            100%       1d11      1%          1
b - Frozen Ramparts       Ice            100%       1d16      1%          3
c - Hailstorm             Conj/Ice       64%        3d14      1%          4

Your spell library contained the following spells:

 Spells                   Type           Power      Damage    Failure   Level
 Searing Ray              Conj           100%       2d8       1%          2
 Ozocubu's Armour         Ice            70%        N/A       1%          3
 Confusing Touch          Hex            18%        N/A       9%          3
 Yara's Violent Unravell  Hex/Tmut       9%         3d6       63%         5
 Enfeeble                 Hex            9%         N/A       100%        7


Dungeon Overview and Level Annotations

Branches:
Dungeon (10/15) Zot: 2266  Temple (1/1) D:5 Zot: 438    Lair (2/5) D:10 Zot: 1076
 Spider (0/4) Lair:2          Orc (0/2) D:9
  Swamp: Lair:2-3    Shoals: Lair:2-3

Altars:
Ashenzari
Cheibriados
Dithmenos
Elyvilon
Fedhas
Gozag
Hepliaklqana
Makhleb
Okawaru
Qazlal
Ru
Trog
Uskayaw
Vehumet
Wu Jian
Yredelemnul
Zin


Innate Abilities, Weirdness & Mutations

You passively map the area around you.
You are easily found by Zot.
You glow in the dark.
You regain HP and MP as you explore.


Message History

The redback poisons you!
Casting: Freeze (safe; 1% risk of failure)
Confirm with . or Enter, or press ? or * to list all spells.
Casting: Frozen Ramparts (safe; 1% risk of failure)
Press: ? - help, Dir - look around, f - activate The walls around you are covered in ice.
* * * LOW HITPOINT WARNING * * *
You feel extremely sick.
The wall freezes the redback but does no damage.
The redback bites you.
* * * LOW HITPOINT WARNING * * *
The wall freezes the redback but does no damage.
The redback closely misses you.
You feel much better.
You feel extremely sick.
The wall freezes the redback.
The redback bites you!
* * * LOW HITPOINT WARNING * * *
A red film seems to cover your vision as you go berserk!
You feel yourself moving faster!
You feel mighty!
* * * LOW HITPOINT WARNING * * *
You feel extremely sick.
The wall freezes the redback!
You kill the redback!
Vehumet accepts your kill.
You feel your power returning.
The frozen ramparts melt away as you move.
You feel a strong urge to attack something.
* * * LOW HITPOINT WARNING * * *
You feel very sick.
* * * LOW HITPOINT WARNING * * *
You feel very sick.
You feel your anger nearly subside.
* * * LOW HITPOINT WARNING * * *
You feel sick.
You are no longer berserk.
You are exhausted.
You feel yourself slow down.
* * * LOW HITPOINT WARNING * * *
You feel very sick.
You die...

,, , ,, ,, ,, ,, ,, *
,, ,, * , ,^.^^# , * ,,
* ,...^^ , *, , , ,
#...^^ , ....... ##, ^
#^^^..., #......##.,*
^^>^#.., , ,
#......##$##* ^^^^^#
#..S...###@###^..^^# ,
#......##P........^##
,, ,
##......#†..^†.......#
#...............^.....,
, ,
#.......##........... ,
#......#####..PP#.##.
#......P# ######## , ,
#...<..P# * , ,
#P......## ,


There were no monsters in sight!

Vanquished Creatures
  A boulder beetle (D:8)
  Pikel (D:9)
  The ghost of shadowmeld the Insei, a novice DjTm (D:4)
  4 trolls
  3 blink frogs (Lair:2)
  A shadow (D:9)
  3 wyverns (D:10)
  A wraith (D:10)
  Eustachio (D:5)
  10 yaks
  A basilisk (D:10)
  A redback (Lair:2)
  3 water moccasins (D:10)
  Duvessa (D:4)
  2 ogres (D:7)
  5 orc warriors
  5 centaurs
  A lemure (D:9)
  A phantom (D:6)
  2 bullfrogs
  A kobold brigand (D:5)
  A gnoll sergeant (D:9)
  A necrophage (D:5)
  2 scorpions
  5 wights
  Dowan (D:4)
  11 killer bees
  3 howler monkeys (D:9)
  A jelly (D:4)
  2 hounds
  2 orc priests
  Ijyb (D:3)
  Terence (D:3)
  6 orc wizards
  Robin (D:2)
  4 gnolls (D:9)
  5 adders
  A shadow imp (D:7)
  A white imp (D:5)
  3 worms
  19 orcs
  9 ball pythons
  4 endoplasms
  2 giant cockroaches
  12 goblins
  13 hobgoblins
  2 quokkas
  2 bats
  3 frilled lizards
  11 kobolds
  2 rats
180 creatures vanquished.

Vanquished Creatures (collateral kills)
  An orc priest (D:7)
1 creature vanquished.

Vanquished Creatures (others)
  5 fungi
  13 plants (D:10)
18 creatures vanquished.

Grand Total: 199 creatures vanquished

Notes
Turn   | Place    | Note
-------+----------+-------------------------------------------
     0 | D:1      | hawla the Meteoran Ice Elementalist began the quest for the
                  | Orb.
     0 | D:1      | Reached XP level 1. HP: 14/14 MP: 5/5
    83 | D:1      | Reached XP level 2. HP: 10/20 MP: 2/6
   149 | D:2      | Reached skill level 3 in Spellcasting
   178 | D:2      | Reached XP level 3. HP: 26/26 MP: 6/8
   184 | D:3      | Learned a level 3 spell: Frozen Ramparts
   192 | D:3      | Noticed Ijyb
   196 | D:3      | Reached skill level 5 in Ice Magic
   202 | D:3      | Killed Ijyb
   203 | D:3      | Reached XP level 4. HP: 15/33 MP: 0/10
   216 | D:3      | Learned a level 4 spell: Hailstorm
   298 | D:2      | Noticed Robin
   302 | D:2      | Reached skill level 1 in Conjurations
   306 | D:2      | Killed Robin
   517 | D:3      | Reached XP level 5. HP: 38/38 MP: 4/11
   536 | D:4      | Noticed Duvessa
   539 | D:4      | Noticed Dowan
   644 | D:3      | Noticed a +0 falchion
   649 | D:3      | Found a hide-covered altar of Uskayaw.
   649 | D:3      | Noticed a +0 falchion
   649 | D:3      | Noticed a +0 dagger
   649 | D:3      | Noticed a +0 short sword
   650 | D:3      | Noticed a +0 spear
   651 | D:3      | Noticed a +0 dagger
   653 | D:3      | Noticed a +0 short sword
   653 | D:3      | Noticed a +0 spear
   659 | D:3      | Noticed Terence
   664 | D:3      | Killed Terence
   726 | D:3      | Found an opulent altar of Gozag.
   825 | D:3      | Found a sacrificial altar of Ru.
  1173 | D:4      | Reached XP level 6. HP: 45/45 MP: 8/12
  1179 | D:4      | Reached skill level 5 in Conjurations
  1203 | D:4      | HP: 2/45 [Duvessa/+2 short sword of venom (3)]
  1204 | D:4      | Killed Duvessa
  1205 | D:4      | Reached skill level 1 in Long Blades
  1205 | D:4      | Reached skill level 4 in Spellcasting
  1205 | D:4      | Reached XP level 7. HP: 19/50 MP: 0/14
  1249 | D:4      | Found a runed translucent gate.
  1250 | D:4      | Found a runed translucent gate.
  1250 | D:4      | Noticed shadowmeld's ghost (novice DjTm)
  1251 | D:4      | Found a runed translucent gate.
  1522 | D:4      | Killed Dowan
  1605 | D:4      | Killed shadowmeld's ghost
  1606 | D:4      | Reached skill level 5 in Spellcasting
  1606 | D:4      | Reached XP level 8. HP: 37/58 MP: 6/17
  1667 | D:5      | Entered Level 5 of the Dungeon
  1695 | D:5      | Reached skill level 6 in Spellcasting
  1797 | D:5      | Found a staircase to the Ecumenical Temple.
  1813 | Temple   | Entered the Ecumenical Temple
  1963 | Temple   | Became a worshipper of Vehumet
  2041 | D:5      | Noticed Eustachio
  2048 | D:5      | Killed Eustachio
  2093 | D:6      | Reached skill level 7 in Spellcasting
  2119 | D:7      | Reached skill level 1 in Fighting
  2119 | D:7      | Gained mutation: You passively map the area around you.
                  | [Meteoran growth]
  2119 | D:7      | Reached XP level 9. HP: 64/64 MP: 15/20
  2205 | D:7      | Reached skill level 8 in Spellcasting
  2232 | D:7      | Found a broken altar of Ashenzari.
  2318 | D:8      | Noticed a boulder beetle
  2326 | D:8      | Killed a boulder beetle
  2327 | D:8      | Reached skill level 9 in Spellcasting
  2402 | D:8      | Reached XP level 10. HP: 68/73 MP: 16/24
  2412 | D:8      | Reached * piety under Vehumet
  2412 | D:8      | Offered knowledge of Shock by Vehumet.
  2712 | D:9      | Found a blossoming altar of Fedhas.
  2795 | D:9      | Reached skill level 10 in Spellcasting
  2865 | D:9      | Reached skill level 10 in Ice Magic
  2958 | D:9      | Reached skill level 5 in Dodging
  2979 | D:9      | Offered knowledge of Static Discharge by Vehumet.
  2980 | D:9      | Reached ** piety under Vehumet
  2994 | D:9      | Found a staircase to the Orcish Mines.
  3221 | D:9      | Reached skill level 11 in Spellcasting
  3266 | D:9      | Noticed Pikel
  3272 | D:9      | Killed Pikel
  3273 | D:9      | Reached XP level 11. HP: 78/81 MP: 15/27
  3326 | D:9      | Found an iron altar of Okawaru.
  3596 | D:10     | Entered Level 10 of the Dungeon
  3659 | D:10     | Reached skill level 12 in Spellcasting
  3745 | D:10     | Found a staircase to the Lair.
  3856 | Lair:1   | Entered Level 1 of the Lair of Beasts
  3911 | Lair:1   | Offered knowledge of Searing Ray by Vehumet.
  3912 | Lair:1   | Reached skill level 5 in Long Blades
  3965 | Lair:2   | Found a hole to the Spider Nest.
  3981 | Lair:2   | Succumbed to a redback's poison

Illustrated notes

Levels and vault maps discovered:
D:1:      lightli_arrival_statue_moat, layout_loops_ring,
          chequers_serial_rivers_small_b, nicolae_grassy_gnolls
D:2:      layout_rooms, minmay_liquid_box, uniq_robin
D:3:      layout_basic, mainiacjoe_overflow_24_doors, amcnicky_altar_gilded,
          nicolae_uskayaw_en_pointe, uniq_terence, uniq_ijyb
D:4:      layout_cave_pools, gammafunk_ghost_split, uniq_duvessa
D:5:      layout_loops_ring, nemelex_spade_bored_becter,
          overflow_temple_1_default, minmay_temple_entry_offerings,
          uniq_eustachio
D:6:      minmay_chambers_of_threes, layout_gridville, xom_redecorated,
          uniq_grinder, uniq_maggie
D:7:      layout_basic, nicolae_ashenzari_skybound,
          nicolae_sif_muna_condensation, serial_shops, kennysheep_mini_moat
D:8:      layout_rooms
D:9:      layout_loops_corners, mainiacjoe_overflow_paths, lemuel_round_altar,
          david_orc_4, uniq_pikel, uniq_erica
D:10:     layout_long_grid, tso_metal_star, minmay_lair_entry_grove,
          onia_ninara_cookie
Temple:   jpeg_temple_clearing
Lair:1:   layout_cave_pods, st_stairs_4
Lair:2:   regret_index_wax_grids, layout_big_grid, elwin_shoals_entry_stream,
          spider_nest_entry_webs, lemuel_fruit_tree

Skill      XL: |  1  2  3  4  5  6  7  8  9 10 11 |
---------------+----------------------------------+-----
Spellcasting   | 3 4 5 7 9 11 12 | 12.8
Ice Magic      | 5 6 7 9 10 11 | 11.7
Conjurations   | 2 4 5 6 7 |  7.5
Long Blades    | 1 2 3 5 |  5.0
Dodging        | 3 4 5 6 |  6.0
Fighting       | 1 2 3 |  3.4
Stealth        | |  1.4
Evocations     | |  0.4

Action                   |  1- 3 |  4- 6 |  7- 9 | 10-12 || total
-------------------------+-------+-------+-------+-------++-------
Melee: Unarmed           |     4 |       |       |       ||     4
       Long sword        |       |    51 |    19 |    58 ||   128
       Punch             |       |       |     1 |     2 ||     3
 Cast: Freeze            |    25 |    11 |    26 |    27 ||    89
       Frozen Ramparts   |     1 |    16 |    17 |    25 ||    59
       Hailstorm         |       |     6 |    18 |    36 ||    60
Evoke: Wand              |       |     1 |     1 |       ||     2
  Use: Potion            |       |     2 |     1 |     3 ||     6
       Scroll            |       |    10 |     6 |     4 ||    20
Armor: Robe              |     1 |    32 |    25 |    28 ||    86
Dodge: Dodged            |    20 |    50 |    41 |    69 ||   180
